 Dungeon Crawl Stone Soup version 0.25.0-3-gd7cc5688da (webtiles) character file.

Game seed: 6662342834339449743

1558 Ge0ff the Carver (level 8, 0/100 HPs)
             Began as a Demigod Warper on June 15, 2020.
             Succumbed to a worker ant's poison
             ... on level 5 of the Dungeon.
             The game lasted 00:16:09 (6462 turns).

Ge0ff the Carver (Demigod Warper)                   Turns: 6462, Time: 00:16:10

Health: 0/100      AC: 24    Str: 18    XL:     8   Next: 32%
Magic:  13/13      EV:  2    Int: 23    God:
Gold:   209        SH:  0    Dex: 15    Spells: 8/10 levels left

rFire    + + .     SeeInvis .   a - +0 long sword
rCold    . . .     Gourm    .   (no shield)
rNeg     + + +     Faith    .   (armour currently unavailable)
rPois    +         Spirit   .   (helmet currently unavailable)
rElec    .         Reflect  .   (cloak currently unavailable)
rCorr    .         Harm     .   (gloves currently unavailable)
MR       +....     NoTele   +   (boots currently unavailable)
Stlth    +.........             y - amulet of Accord {RegenMP rF++}
HPRegen  0.26/turn              K - +6 ring of intelligence
MPRegen  0.38/turn              Q - ring of protection from magic {=R}

@: lethally poisoned (0 -> -1), tree-form, berserk cooldown, stab, very slightly
contaminated, slowed, very slow
A: high mp 1
a: no special abilities


You were on level 5 of the Dungeon.
You were not hungry.
You were a tree.
You visited 2 branches of the dungeon, and saw 7 of its levels.
You also visited: Sewer.

You collected 258 gold pieces.
You spent 49 gold pieces at shops.

Inventory:

Hand Weapons
 a - a +0 long sword (weapon)
 b - a +0 hunting sling
 A - a +1 falchion
 J - the +6 spear of Fetorgh {holy, Int-4 SInv Stlth+}
   (You found it on level 5 of the Dungeon)

   It has been blessed by the Shining One to cause great damage to the undead
   and demons.
   It affects your intelligence (-4).
   It lets you see invisible.
   It makes you more stealthy.
 Z - a +0 trident
Missiles
 D - 5 boomerangs (quivered)
 H - 136 stones
 U - 56 poisoned darts
 V - 77 bolts
 Y - 37 arrows
Armour
 F - a +0 pair of boots (melded)
 L - a +1 chain mail (melded)
Jewellery
 y - the amulet of Accord (around neck) {RegenMP rF++}
   (You found it on level 6 of the Dungeon)

   [amulet of magic regeneration]

   It increases your magic regeneration.
   It greatly protects you from fire.
 I - an uncursed ring of wizardry
 K - a +6 ring of intelligence (left branch)
 P - an uncursed ring of fire
 Q - a ring of protection from magic (right branch) {=R}
Scrolls
 C - 2 scrolls of remove curse
 E - 4 scrolls of enchant weapon
 N - 2 scrolls of enchant armour
 O - a scroll of amnesia
 T - a scroll of teleportation
Potions
 X - 5 potions of flight
Comestibles
 r - 10 rations


   Skills:
 + Level 4.9 Fighting
 * Level 8.3 Long Blades
 - Level 1.0 Throwing
 - Level 3.0 Armour
 - Level 2.0 Dodging
 - Level 1.7 Spellcasting
 - Level 2.6 Translocations


You had 8 spell levels left.
You knew the following spells:

 Your Spells              Type           Power        Failure   Level  Hunger
c - Blink                 Tloc           N/A          7%          2    ##.....

Your spell library contained the following spells:

 Spells                   Type           Power        Failure   Level  Hunger
 Shroud of Golubria       Chrm/Tloc      #.....       12%         2    ##.....
 Gell's Gravitas          Tloc           ##........   13%         3    ###....
 Lesser Beckoning         Tloc           ##........   13%         3    ###....
 Teleport Other           Tloc           ##......     13%         3    ###....
 Passage of Golubria      Tloc           N/A          41%         4    #####..


Dungeon Overview and Level Annotations

Branches:
Dungeon (6/15)             Temple (1/1) D:5           Sewer (visited)

Shops:
D:5 (


Innate Abilities, Weirdness & Mutations

You have an increased reservoir of magic. (+10% MP)


Message History

The worker ant bites you but does no damage.
It was a potion of berserk rage.
A red film seems to cover your vision as you go berserk!
You feel yourself moving faster!
You feel mighty!
* * * LOW HITPOINT WARNING * * *
You feel sick.
The worker ant bites you but does no damage.
You slice the worker ant!!
You kill the worker ant!
You feel a little less clever now.
* * * LOW HITPOINT WARNING * * *
You feel sick.
You feel a strong urge to attack something.
* * * LOW HITPOINT WARNING * * *
You feel sick.
Unknown command.
You feel your anger nearly subside.
You are no longer berserk.
You are exhausted.
You feel as though you will be slow longer.
You die...

###.....###..
#............
#.........#+#
###.........+∩+
#...........#'#
##.............#
##.............##
##<...............
##♣................
#...##.............
#.....#..#.........
#...########.......
##### ##<##.......
##...........
#............
##..........#.
##...........##


There were no monsters in sight!

Vanquished Creatures
  A wraith (D:6)
  Purgy (Sewer)
  5 ogres
  A centaur (D:6)
  A big kobold (Sewer)
  2 bullfrogs (D:6)
  A gnoll sergeant (D:5)
  2 crimson imps (D:5)
  2 bullfrog skeletons
  2 orc wizards (D:3)
  6 worker ants
  An iguana (D:5)
  A hound skeleton (D:4)
  5 adders
  3 gnolls (D:4)
  2 oozes
  2 adder skeletons
  3 worms
  2 dart slugs
  6 leopard geckos
  8 orcs
  5 bats
  5 giant cockroaches
  4 goblins
  6 hobgoblins (D:1)
  15 jackals
  A quokka (D:5)
  4 frilled lizards
  12 kobolds
  5 rats
114 creatures vanquished.

Notes
Turn   | Place    | Note
-------+----------+-------------------------------------------
     0 | D:1      | Ge0ff the Demigod Warper began the quest for the Orb.
     0 | D:1      | Reached XP level 1. HP: 17/17 MP: 5/5
   103 | D:1      | Reached skill level 2 in Long Blades
   355 | D:1      | Reached XP level 2. HP: 24/24 MP: 7/7
  1094 | D:1      | Reached skill level 3 in Long Blades
  1094 | D:1      | Reached skill level 1 in Armour
  1430 | D:1      | Reached XP level 3. HP: 29/29 MP: 8/8
  1587 | D:2      | Found a sparkling altar of Nemelex Xobeh.
  1923 | D:2      | Reached skill level 1 in Throwing
  2241 | D:2      | Learned a level 2 spell: Blink
  2611 | D:3      | Reached skill level 4 in Long Blades
  2611 | D:3      | Reached XP level 4. HP: 22/36 MP: 9/9
  2854 | D:3      | Found a glowing drain.
  2868 | Sewer    | Entered a sewer
  3062 | Sewer    | Noticed Purgy
  3093 | Sewer    | Killed Purgy
  3093 | Sewer    | Reached skill level 5 in Long Blades
  3093 | Sewer    | Reached XP level 5. HP: 39/41 MP: 10/10
  3403 | D:3      | Reached XP level 6. HP: 18/48 MP: 11/11
  3768 | D:4      | Reached skill level 6 in Long Blades
  4756 | D:5      | Entered Level 5 of the Dungeon
  4756 | D:5      | Found a staircase to the Ecumenical Temple.
  4771 | D:5      | Reached XP level 7. HP: 56/56 MP: 12/12
  4792 | Temple   | Entered the Ecumenical Temple
  5183 | D:5      | Reached skill level 7 in Long Blades
  5377 | D:5      | Got a translucent spear
  5378 | D:5      | Identified the +6 spear of Fetorgh {holy, Int-4 SInv
                  | Stlth+} (You found it on level 5 of the Dungeon)
  5956 | D:5      | Found Hailil's Weapon Boutique.
  5959 | D:5      | Bought a +0 long sword for 49 gold pieces
  6113 | D:6      | Got a twitching garnet amulet
  6114 | D:6      | Identified the amulet of Accord {RegenMP rF++} (You found
                  | it on level 6 of the Dungeon)
  6140 | D:6      | Reached XP level 8. HP: 65/66 MP: 13/13
  6324 | D:6      | Reached skill level 8 in Long Blades
  6453 | D:5      | HP: 3/67 [worker ant (5)]
  6454 | D:5      | HP: 1/67 [poisoned by a worker ant]
  6460 | D:5      | HP: 1/150 [poisoned by a worker ant]
  6462 | D:5      | Succumbed to a worker ant's poison

Illustrated notes

Levels and vault maps discovered:
D:1:      minmay_arrival_five_plusses, layout_basic, nrook_mini_vaults,
          minmay_close_crescents
D:2:      layout_basic, nemelex_xobeh_ov_fountains_minmay
D:3:      layout_rooms, first_ration, gup_sewer_entry_bubbles
D:4:      layout_basic
D:5:      layout_cave_pools, minmay_temple_entry_overgrown, serial_shops,
          nicolae_shop_behind_doors
D:6:      layout_basic, nicolae_overflow_hidden_temple, kennysheep_mini,
          kennysheep_generic_room_10
Temple:   dshaligram_water_room_temple

Skill      XL: |  1  2  3  4  5  6  7  8 |
---------------+-------------------------+-----
Long Blades    | 2 3 4 5 6 7 8 |  8.3
Fighting       | 2 4 |  4.9
Armour         | 1 2 3 |  3.0
Throwing       | 1 |  1.0
Dodging        | 2 |  2.0
Spellcasting   | |  1.7
Translocations | |  2.6

Action                   |  1- 3 |  4- 6 |  7- 9 || total
-------------------------+-------+-------+-------++-------
Melee: Falchion          |   166 |   140 |   109 ||   415
       Long sword        |       |       |    74 ||    74
 Fire: Hunting sling     |    35 |    11 |       ||    46
Throw: Dart              |       |    47 |    47 ||    94
       Stone             |       |     1 |       ||     1
       Boomerang         |       |       |     8 ||     8
  Use: Scroll            |     5 |     2 |     6 ||    13
       Potion            |       |     1 |     8 ||     9
  Eat: Chunk             |     6 |     6 |     6 ||    18
Armor: Leather armour    |    14 |       |       ||    14
       Chain mail        |    92 |    78 |    90 ||   260
       Skin              |       |       |     2 ||     2
Dodge: Dodged            |    76 |    41 |    78 ||   195
       Rpst.: Falchion   |    18 |    13 |    11 ||    42
       Long sword        |       |       |    15 ||    15

Levels and vault maps discovered:
D:1:      minmay_arrival_five_plusses, layout_basic, nrook_mini_vaults,
          minmay_close_crescents
D:2:      layout_basic, nemelex_xobeh_ov_fountains_minmay
D:3:      layout_rooms, first_ration, gup_sewer_entry_bubbles
D:4:      layout_basic
D:5:      layout_cave_pools, minmay_temple_entry_overgrown, serial_shops,
          nicolae_shop_behind_doors
D:6:      layout_basic, nicolae_overflow_hidden_temple, kennysheep_mini,
          kennysheep_generic_room_10
Temple:   dshaligram_water_room_temple
